 Dungeon Crawl Stone Soup version 0.29.1-2-gbd0b4ee654 (webtiles) character file.

Game seed: 13563561545094456294

83 GorkyZ the Ducker (level 4, 0/33 HPs)
             Began as a Demonspawn Gladiator on Nov 17, 2022.
             Slain by an adder (3 damage)
             ... on level 3 of the Dungeon.
             The game lasted 00:10:21 (2808 turns).

GorkyZ the Ducker (Demonspawn Gladiator)            Turns: 2808, Time: 00:10:22

Health: 0/33       AC: 11    Str: 16    XL:     4   Next: 22%
Magic:  4/4        EV:  7    Int: 10    God:
Gold:   114        SH:  4    Dex: 14    Spells: 3/3 levels left

rFire   . . .      SeeInvis .   a - +1 flail
rCold   . . .      Faith    .   (no shield)
rNeg    . . .      Spirit   .   q - +0 chain mail
rPois   .          Reflect  .   c - +0 helmet
rElec   .          Harm     .   v - +0 cloak
rCorr   .          Rampage  .   (no gloves)
Will    .....                   (no boots)
Stlth   ..........              (no amulet)
HPRegen 0.11/turn               (no ring)
MPRegen 0.09/turn               (no ring)

@: lethally poisoned (0 -> -3), hasted, very quick
A: sharp scales 1, condensation shield
a: no special abilities


You were on level 3 of the Dungeon.
You visited 1 branch of the dungeon, and saw 3 of its levels.

You collected 114 gold pieces.

Inventory:

Hand Weapons
 a - a +1 flail (weapon)
 r - a +0 spear
Missiles
 d - 3 throwing nets (quivered)
 e - a javelin
Armour
 b - a +0 leather armour
 c - a +0 helmet (worn)
 j - a +0 ring mail
 q - a +0 chain mail (worn)
 v - a +0 cloak (worn)
Jewellery
 f - a ring of protection from cold
 l - an amulet of regeneration
 o - a ring of fire
Scrolls
 g - 2 scrolls of teleportation
 h - a scroll of acquirement
 i - a scroll of identify
 s - a scroll of magic mapping {unknown}
 t - a scroll of fear {unknown}
Potions
 m - a potion of flight
 n - a potion of mutation {unknown}
 p - 2 potions of brilliance {unknown}
 u - a potion of might {unknown}
 w - a potion of cancellation {unknown}


   Skills:
 + Level 2.2 Fighting
 + Level 3.3 Maces & Flails
 + Level 1.8 Throwing
 * Level 1.6 Armour
 + Level 3.3 Dodging
 - Level 0.2 Stealth
 + Level 0.4 Shields


You had 3 spell levels left.
You didn't know any spells.
Your spell library contained the following spells:

 Spells                   Type           Power      Damage    Failure   Level
 Sting                    Tmut/Pois      0%         1d3       100%        1
 Poisonous Vapours        Pois/Air       0%         N/A       100%        2
 Olgreb's Toxic Radiance  Pois           0%         N/A       100%        4


Dungeon Overview and Level Annotations

Branches:
Dungeon (3/15)

Altars:

Annotations:
D:3 Ijyb


Innate Abilities, Weirdness & Mutations

You are partially covered in razor-sharp scales. (AC +1, Slay +1)
A meltable shield of frost defends you. (SH +4)


Message History

Ijyb is moderately wounded.
The adder bites you. The adder bites you but does no damage.
Ijyb barely misses you.
You barely miss Ijyb.
Ijyb is moderately wounded.
You block the adder's attack. Ijyb hits you but does no damage.
The adder barely misses you.
You closely miss Ijyb.
Ijyb is moderately wounded.
Ijyb hits you but does no damage. The adder barely misses you.
You hit Ijyb.
Ijyb is heavily wounded.
The adder bites you. Ijyb hits you with a +0 club.
The adder bites you but does no damage. Ijyb hits you with a +0 club.
You closely miss Ijyb.
Ijyb is heavily wounded.
The adder bites you but does no damage. Ijyb hits you but does no damage.
You closely miss Ijyb. You punch Ijyb, but do no damage.
Ijyb is heavily wounded.
The adder bites you but does no damage. Ijyb hits you with a +0 club.
The adder bites you.
* * * LOW HITPOINT WARNING * * *
It was a potion of haste.
You feel yourself speed up. The adder bites you but does no damage.
Ijyb hits you but does no damage.
You sock Ijyb!
Ijyb is almost dead.
The adder bites you but does no damage. Ijyb hits you with a +0 club.
* * * LOW HITPOINT WARNING * * *
You barely miss Ijyb.
Ijyb is almost dead.
You block the adder's attack. Ijyb hits you but does no damage.
The adder bites you.
* * * LOW HITPOINT WARNING * * *
You are lethally poisoned!
The adder poisons you!
You barely miss Ijyb.
Ijyb is almost dead.
* * * LOW HITPOINT WARNING * * *
You feel sick. Ijyb hits you but does no damage. The adder bites you.
You die...

.... .... ..... .....
......
...?..############
......S........... .####
......g@...#### .....
.>....####....##########
..... ####...........
.... ###########. ### ##


You could see Ijyb and an adder.

Vanquished Creatures
  5 adders
  3 endoplasms
  2 giant cockroaches
  4 goblins
  2 hobgoblins
  4 quokkas
  4 ball pythons
  5 bats
  7 kobolds
  3 rats
39 creatures vanquished.

Vanquished Creatures (others)
  A fungus (D:1)
  2 plants (D:1)
3 creatures vanquished.

Grand Total: 42 creatures vanquished

Notes
Turn   | Place    | Note
-------+----------+-------------------------------------------
     0 | D:1      | GorkyZ the Demonspawn Gladiator began the quest for the
                  | Orb.
     0 | D:1      | Reached XP level 1. HP: 16/16 MP: 1/1
   343 | D:1      | Gained mutation: A meltable shield of frost defends you.
                  | (SH +4) [demonic ancestry]
   343 | D:1      | Reached XP level 2. HP: 22/22 MP: 2/2
   738 | D:1      | Found a faded altar of an unknown god.
  1152 | D:1      | Reached skill level 1 in Armour
  1152 | D:1      | Reached XP level 3. HP: 3/27 MP: 3/3
  1485 | D:1      | HP: 1/27 [poisoned by an adder]
  2147 | D:2      | Identified a scroll of acquirement
  2246 | D:2      | Gained mutation: You are partially covered in razor-sharp
                  | scales. (AC +1, Slay +1) [demonic ancestry]
  2246 | D:2      | Reached XP level 4. HP: 17/33 MP: 4/4
  2787 | D:3      | Noticed Ijyb
  2808 | D:3      | Slain by an adder

Illustrated notes

Levels and vault maps discovered:
D:1:      dpeg_arrival_shrine, layout_basic,
          dreamdust_ecumenical_altar_hidden_monk_grotto, corexii_corridor_pit,
          palyth_stone_intersect
D:2:      layout_basic
D:3:      layout_rooms, mainiacjoe_overflow_chevrons, uniq_ijyb

Skill      XL: |  1  2 |
---------------+-------+-----
Dodging        | 3 |  3.3
Maces & Flails | 3 |  3.3
Armour         | 1 |  1.6
Fighting       | |  2.2
Throwing       | |  1.8
Stealth        | |  0.2
Shields        | |  0.4

Action                   |  1- 3 |  4- 6 || total
-------------------------+-------+-------++-------
Melee: Flail             |   120 |    35 ||   155
       Punch             |       |     1 ||     1
  Use: Scroll            |     5 |       ||     5
       Potion            |     1 |     1 ||     2
Armor: Leather armour    |    12 |       ||    12
       Ring mail         |    65 |       ||    65
       Chain mail        |    11 |    29 ||    40
Dodge: Dodged            |   112 |    12 ||   124
Block: Other             |    21 |     9 ||    30
